[Event "Rapid della Domenica"]
[Site "Chess.com"]
[Date "2020.04.26"]
[Round "4"]
[White "crippo"]
[Black "donaldnecesito"]
[Result "0-1"]
[WhiteElo "1505"]
[BlackElo "1666"]
[TimeControl "720+3"]
[EndTime "7:29:32 PDT"]
[Termination "donaldnecesito ha vinto per abbandono"]

1. e4 c5 2. Nc3 g6 3. Nf3 Bg7 4. Bc4 e6 5. d3 Ne7 6. h4 Nbc6 7. h5 a6 8. hxg6 fxg6 9. a4 d5 10.
exd5 exd5 11. Ba2 Bg4 12. Bh6 O-O 13. Bxg7 Kxg7 14. Qd2 h5 15. O-O-O Nd4 16. Qe3 Nxf3 17. gxf3 Bxf3 18. Qe5+ Kh7 19. Rh3 Bxd1 20. Nxd1 Nf5 21. Bxd5 Re8 22. Rxh5+ gxh5 23. Qxf5+ Kh6 24. Kb1 Qg5 25.
Qf3 Rf8 26. Qh1 Rae8 27. Ne3 Rxf2 28. Nc4 b5 29. Nd6 Ref8 30. Ka2 bxa4 31. Bc4 Rxc2 32. Nf7+ Rxf7 33. Bxf7 Qf6 34. Qxh5+ Kg7 35. d4 Qxf7+ 36. Kb1 Qxh5 0-1

[Event "Rapid della Domenica"]
[Site "Chess.com"]
[Date "2020.04.26"]
[Round "4"]
[White "sergiodone"]
[Black "caramante"]
[Result "1-0"]
[WhiteElo "1533"]
[BlackElo "1541"]
[TimeControl "720+3"]
[EndTime "7:29:51 PDT"]
[Termination "sergiodone ha vinto per abbandono"]

1. e4 c5 2. Nf3 d6 3. c3 e6 4. d4 Nd7 5. Bd3 Ngf6 6. h3 Be7 7. Qe2 Qc7 8. Be3 a6 9. b3 b5 10. c4 b4 11. d5 exd5 12. exd5 O-O 13. O-O Re8 14.
Qc2 g6 15. Bh6 Bf8 16. Bxf8 Kxf8 17. Nbd2 Ne5 18. Nxe5 Rxe5 19. Rae1 Qe7 20. Nf3 Rxe1 21. Rxe1 Qd8 22. Qd2 Kg7 23. Qf4 Ra7 24. Qg5 Re7 25. Re3 Rxe3 26. fxe3 Qe8 27. Kf2 h6 28. Qh4 Bd7 29.
g4 Ne4+ 30. Bxe4 Qxe4 31. Qd8 Bxg4 32. hxg4 Qxg4 33. Qxd6 h5 34. Qe5+ Kh6 35. Qf4+ Qxf4 36. exf4 Kg7 37. d6 Kf6 38. Ne5 Ke6 39. d7 Ke7 40.
Kg3 f6 41. Nxg6+ Kxd7 42. f5 Ke8 43. Kf4 Kf7 44. Nh4 Kg7 45. Ng6 Kh6 46. Ne7 h4 47. Kg4 h3 48. Kxh3 Kg5 49. Kg3 a5 50. Kf3 Kh5 51.
Ke4 Kh4 52. Nd5 Kg5 53. Ne7 Kg4 54. Nd5 Kg5 55. Ne7 Kg4 56. Nc6 Kg5 57. Nxa5 Kg4 58. Nc6 Kg5 59. Nxb4 cxb4 60. c5 1-0

[Event "Rapid della Domenica"]
[Site "Chess.com"]
[Date "2020.04.26"]
[Round "4"]
[White "bellapero"]
[Black "sirmale49"]
[Result "0-1"]
[WhiteElo "1356"]
[BlackElo "1415"]
[TimeControl "720+3"]
[EndTime "7:31:52 PDT"]
[Termination "sirmale49 ha vinto per scaccomatto"]

1. e4 d5 2. exd5 Qxd5 3. Nc3 Qd6 4. d4 c6 5. Nf3 Nf6 6. Be2 Bg4 7. O-O e6 8. h3 Bf5 9. Bg5 Be7 10. Re1 h6 11. Bxf6 Bxf6 12. Ne5 Bxe5 13. dxe5 Qxd1 14. Raxd1 Bxc2 15. Rc1 Bg6 16. Nd1 Nd7 17. f4 O-O-O 18. Nf2 h5 19. h4 Nb6 20. Rc3 Nd5 21. Ra3 Kb8 22. g3 Nb4 23. Ra4 Nc2 24. Rc1 Rd2 25. Bc4 Ne3 26. Bb3 Rhd8 27. Kh2 Rxf2+ 28. Kh3 Bf5+ 29. g4 Bxg4+ 30. Kg3 Rf3+ 31. Kh2 Rh3+ 32. Kg1 Rg3+ 33. Kf2 Rf3+ 34. Ke2 Rh3+ 35. Kf2 Rd2+ 36. Ke1 Rhh2 37. Re4 Rhe2# 0-1

[Event "Rapid della Domenica"]
[Site "Chess.com"]
[Date "2020.04.26"]
[Round "4"]
[White "toninoiuorio"]
[Black "MarcoCiva"]
[Result "1-0"]
[WhiteElo "1619"]
[BlackElo "1465"]
[TimeControl "720+3"]
[EndTime "7:35:06 PDT"]
[Termination "toninoiuorio ha vinto per scaccomatto"]

1. d4 Nf6 2. c4 e6 3. Nc3 d5 4. cxd5 Nxd5 5. e4 Nxc3 6. bxc3 c5 7. Nf3 cxd4 8. cxd4 Bb4+ 9. Bd2 Bxd2+ 10. Qxd2 O-O 11.
Be2 Nc6 12. O-O a5 13. Rfd1 b6 14. Rac1 Bb7 15. Bb5 Nb4 16. Qe2 Rc8 17. a3 Nc6 18. d5 exd5 19. exd5 Na7 20. Ba6 Rxc1 21. Rxc1 Qxd5 22.
Rd1 Qc6 23. Bc4 b5 24. Bd5 Qc8 25. Ba2 b4 26. axb4 axb4 27. Qe3 Qa8 28. Ne5 Bxg2 29. Nxf7 Nb5 30. Qb3 Bh1 31. Nh6+ Kh8 32. Qg8+ Rxg8 33.
Nf7# 1-0

[Event "Rapid della Domenica"]
[Site "Chess.com"]
[Date "2020.04.26"]
[Round "4"]
[White "Carbon"]
[Black "pedrak"]
[Result "1-0"]
[WhiteElo "1824"]
[BlackElo "1707"]
[TimeControl "720+3"]
[EndTime "7:37:09 PDT"]
[Termination "Carbon ha vinto per scaccomatto"]

1. e4 d5 2. exd5 Qxd5 3. Nc3 Qd6 4. g3 Nf6 5. Bg2 c6 6. d4 Bf5 7. Nf3 e6 8. O-O Be7 9. Ne5 O-O 10. a3 Nd5 11. Ne4 Bxe4 12. Bxe4 Nd7 13. Nc4 Qc7 14. Ne3 N7f6 15. Bg2 Rad8 16. c4 Nb6 17. b3 Rd7 18.
Bb2 Rfd8 19. Qc1 h6 20. a4 a5 21. Bc3 Nc8 22. Qb2 Bb4 23. Rad1 Bxc3 24. Qxc3 b6 25.
Rd3 Nd6 26. Rfd1 Nde4 27. Qb2 Nc5 28. R3d2 Nce4 29. Rd3 e5 30. d5 cxd5 31. Nxd5 Nxd5 32. Bxe4 Nb4 33. Rxd7 Rxd7 34. Rxd7 Qxd7 35. Qxe5 g6 36.
Qb8+ Kg7 37. Qxb6 Qd1+ 38. Kg2 Qxb3 39. Qd4+ Kh7 40. Bd5 Qxa4 41. Qf6 Nxd5 42. Qxf7+ Kh8 43. Qxd5 Qb4 44. c5 Qb8 45. c6 a4 46. Qf7 Qe5 47. c7 Qe4+ 48. Qf3 Qc4 49. Qf6+ Kh7 50. Qe7+ Kh8 51. Qd8+ Kh7 52. c8=Q Qe4+ 53. f3 Qe2+ 54.
Kh3 Qf1+ 55. Kg4 h5+ 56. Kf4 g5+ 57. Kxg5 Qc4 58. Qh8# 1-0

[Event "Rapid della Domenica"]
[Site "Chess.com"]
[Date "2020.04.26"]
[Round "4"]
[White "fausto2p"]
[Black "giulioscaglione"]
[Result "0-1"]
[WhiteElo "1015"]
[BlackElo "1287"]
[TimeControl "720+3"]
[EndTime "7:37:30 PDT"]
[Termination "giulioscaglione ha vinto per tempo"]

1. d4 e6 2. c4 Bb4+ 3. Nc3 b6 4. a3 Bxc3+ 5. bxc3 Bb7 6. Nf3 Ne7 7. e3 O-O 8. Be2 Ng6 9. O-O d6 10. a4 Nd7 11. Qc2 Nf6 12. Nd2 e5 13. Bf3 Bxf3 14.
Nxf3 Nd7 15. dxe5 Ndxe5 16. Nxe5 Nxe5 17. Qe4 Qf6 18. f4 Ng6 19. Qd4 Qxd4 20. cxd4 a5 21. e4 Ne7 22. Bb2 Rfd8 23. Rf3 Nc6 24. Bc3 Re8 25.
e5 Rad8 26. exd6 Rxd6 27. d5 Nb8 28. Be5 Rd7 29. Rg3 g6 30. Rc1 Na6 0-1

[Event "Rapid della Domenica"]
[Site "Chess.com"]
[Date "2020.04.26"]
[Round "4"]
[White "Lavolpeneldeserto"]
[Black "Luca090267"]
[Result "0-1"]
[WhiteElo "702"]
[BlackElo "1332"]
[TimeControl "720+3"]
[EndTime "7:37:37 PDT"]
[Termination "Luca090267 ha vinto per tempo"]

1. d4 Nf6 2. Bf4 g6 3. Nc3 Bg7 4. Nf3 O-O 5. e3 d6 6. Be2 c5 7. O-O cxd4 8. exd4 Nc6 9. Qd2 Nd7 10.
a3 a6 11. Bh6 b5 12. Bxg7 Kxg7 13. b4 Bb7 14. Ne4 Qc7 15. d5 Nce5 16. g3 Rac8 17.
Rac1 Nc4 18. Qd3 Nde5 19. Nxe5 Nxe5 20. Qb3 Nc4 21. Rfd1 e6 22. Qc3+ e5 23. Qf3 f5 24.
Ng5 Rfe8 25. Ne6+ Rxe6 26. dxe6 Bxf3 27. Bxf3 e4 0-1

[Event "Rapid della Domenica"]
[Site "Chess.com"]
[Date "2020.04.26"]
[Round "5"]
[White "pedrak"]
[Black "sergiodone"]
[Result "0-1"]
[WhiteElo "1662"]
[BlackElo "1545"]
[TimeControl "720+3"]
[EndTime "7:44:21 PDT"]
[Termination "sergiodone ha vinto per abbandono"]

1. d4 Nf6 2. Bg5 c5 3. Bxf6 exf6 4. d5 d6 5. c4 g6 6. Nc3 Bg7 7.
g3 f5 8. Bg2 O-O 9. e3 Nd7 10.
Nge2 Ne5 11. b3 a6 12. Rc1 Qa5 13. Qd2 b5 14. Nb1 b4 15. O-O h5 16. f4 Ng4 17.
h3 Nf6 18. Rc2 Bd7 19. Qd3 Rfe8 20. Nd2 Re7 21. e4 fxe4 22. Nxe4 Nxe4 23. Bxe4 Rae8 24. Bg2 Bf5 25. Qd1 Bxc2 26. Qxc2 Rxe2 27. Qd3 Qxa2 28. Qf3 R8e3 0-1

[Event "Rapid della Domenica"]
[Site "Chess.com"]
[Date "2020.04.26"]
[Round "5"]
[White "giulioscaglione"]
[Black "Lavolpeneldeserto"]
[Result "1-0"]
[WhiteElo "1291"]
[BlackElo "687"]
[TimeControl "720+3"]
[EndTime "7:44:56 PDT"]
[Termination "giulioscaglione ha vinto per scaccomatto"]

1. b3 d5 2. Bb2 Nf6 3. e3 Nc6 4. Bb5 a6 5. Bxc6+ bxc6 6. Ne2 Rb8 7. O-O Bf5 8. Ng3 e6 9. Nxf5 exf5 10. d3 Bd6 11. Qf3 O-O 12. Qxf5 Nd7 13. Qg4 f6 14. Nd2 f5 15. Qxg7# 1-0

[Event "Rapid della Domenica"]
[Site "Chess.com"]
[Date "2020.04.26"]
[Round "5"]
[White "MarcoCiva"]
[Black "markk000"]
[Result "0-1"]
[WhiteElo "1437"]
[BlackElo "1532"]
[TimeControl "720+3"]
[EndTime "7:47:31 PDT"]
[Termination "markk000 ha vinto per abbandono"]

1. e4 c5 2. Nf3 Nc6 3. d4 cxd4 4.
Nxd4 g6 5. f4 Bg7 6. Nxc6 bxc6 7. Bd3 Nf6 8. O-O O-O 9. Nc3 d5 10. e5 Nd7 11. Be3 Bb7 12. b4 Nb6 13. Be2 Qd7 14. b5 Rac8 15. Qd2 c5 16. a4 d4 17. Bxd4 cxd4 18. Ne4 Bd5 19. Ng3 Bc4 20. Bxc4 Nxc4 21. Qd3 Ne3 22. Rf2 Qd5 23. Rc1 Bh6 24. c3 0-1

[Event "Rapid della Domenica"]
[Site "Chess.com"]
[Date "2020.04.26"]
[Round "5"]
[White "Carbon"]
[Black "toninoiuorio"]
[Result "1-0"]
[WhiteElo "1832"]
[BlackElo "1584"]
[TimeControl "720+3"]
[EndTime "7:51:00 PDT"]
[Termination "Carbon ha vinto per abbandono"]

1. e4 c5 2. Nf3 e6 3. c3 Nc6 4.
d4 d5 5. e5 Bd7 6. a3 Qb6 7. b4 c4 8. Nbd2 a5 9. Rb1 axb4 10.
axb4 Qc7 11. Be2 b5 12. O-O Nge7 13. Bb2 Ng6 14. Ra1 Na7 15. Ra6 Be7 16. Qa1 O-O 17.
Qa2 Rfb8 18. Ra1 Rb7 19. Nf1 Nf4 20. Bd1 Nd3 21. Bc2 Nxb2 22. Qxb2 h6 23. Ne3 Bc8 24. Qa2 f6 25. Bg6 f5 26. g3 Bd7 27. Ng2 Kf8 28.
Nf4 Kg8 29. Nxe6 Bxe6 30. Rxe6 Rf8 31. Qa6 Nc8 32. Rc6 Qb8 33. Qa2 Ra7 34. Ra6 Rxa6 35. Qxa6 Qb6 36. Qxb6 Nxb6 37. Ra7 Bg5 38. Nxg5 hxg5 39.
e6 Nc8 40. Rc7 f4 41. e7 Nxe7 42. Rxe7 fxg3 43. hxg3 Ra8 44. Re8+ Rxe8 45. Bxe8 Kh8 1-0

[Event "Rapid della Domenica"]
[Site "Chess.com"]
[Date "2020.04.26"]
[Round "5"]
[White "Luca090267"]
[Black "crippo"]
[Result "1/2-1/2"]
[WhiteElo "1357"]
[BlackElo "1493"]
[TimeControl "720+3"]
[EndTime "7:51:39 PDT"]
[Termination "Partita patta per ripetizione di mosse"]

1. e4 e5 2. Nf3 Nc6 3. Bb5 d6 4. c3 Bg4 5. h3 Bh5 6. O-O Nf6 7. d3 Be7 8. Re1 O-O 9. Nbd2 h6 10. Nf1 Nh7 11.
Ng3 Bg6 12. Be3 Ng5 13. Nxg5 Bxg5 14. Qd2 Bxe3 15. Qxe3 f5 16. exf5 Bxf5 17. Nxf5 Rxf5 18. f3 Qh4 19. Qf2 Qg5 20. Bxc6 bxc6 21. Kh1 Raf8 22.
Re2 c5 23. Rae1 Rf4 24. Re4 Qg6 25. Rxf4 Rxf4 26. Re4 Qf7 27. b3 c6 28. Qe3 a5 29.
Rxf4 Qxf4 30. Qxf4 exf4 31. Kg1 Kf7 32. Kf2 Ke6 33.
Ke2 g5 34. Kd2 h5 35. Kc2 Ke5 36. a3 Kd5 37. Kb2 Ke5 38. Kc2 d5 39. Kd2 d4 40.
c4 Kf5 41. Ke2 g4 42. fxg4+ hxg4 43. hxg4+ Kxg4 44. Kf2 Kf5 45. Kf3 Kg5 46. Ke2 Kg4 47. Kf2 Kh4 48. Kf3 Kg5 49. Ke2 Kg4 1/2-1/2

[Event "Rapid della Domenica"]
[Site "Chess.com"]
[Date "2020.04.26"]
[Round "5"]
[White "sirmale49"]
[Black "caramante"]
[Result "0-1"]
[WhiteElo "1408"]
[BlackElo "1560"]
[TimeControl "720+3"]
[EndTime "7:53:18 PDT"]
[Termination "caramante ha vinto per abbandono"]

1. e4 c5 2. f4 d6 3. Nf3 Nf6 4. Nc3 e6 5. d4 cxd4 6. Qxd4 a6 7.
Bc4 Nc6 8. Qd2 Be7 9. O-O O-O 10. Rd1 Qc7 11. a3 Qb6+ 12. Qe3 Qc7 13. h3 Na5 14. Bd3 d5 15. e5 Bc5 16. Nd4 Nc6 17. Nce2 Ne4 18.
Bxe4 dxe4 19. Qxe4 Nxd4 20. Nxd4 Qb6 21. Kh2 Rd8 22.
c3 Bd7 23. b4 Bxd4 24. Rxd4 Bc6 25. Qd3 g6 26. Be3 Qc7 27. c4 Rxd4 28. Qxd4 Rd8 29. Qc5 Qc8 30. Rb1 Rd3 31. b5 axb5 32. cxb5 Bd7 33.
Qc7 0-1

[Event "Rapid della Domenica"]
[Site "Chess.com"]
[Date "2020.04.26"]
[Round "5"]
[White "GB86_CHESS"]
[Black "donaldnecesito"]
[Result "1-0"]
[WhiteElo "1745"]
[BlackElo "1638"]
[TimeControl "720+3"]
[EndTime "7:53:19 PDT"]
[Termination "GB86_CHESS ha vinto per abbandono"]

1. c4 Nf6 2. g3 e5 3. Bg2 Nc6 4. Nc3 Be7 5. Nf3 d6 6. O-O O-O 7.
d3 h6 8. e4 Be6 9. h3 Qd7 10.
Kh2 Nh7 11. g4 Nd4 12. Nxd4 exd4 13. Ne2 c5 14. Ng3 Bf6 15. f4 Qc7 16. f5 Bd7 17. Bf4 Be5 18. Qd2 f6 19. h4 Be8 20. Bf3 a6 21. Rg1 b6 22. Bxe5 dxe5 23. Nh1 Ra7 24. Nf2 Rf7 25. Nh3 Nf8 26. g5 fxg5 27. hxg5 hxg5 28. Rxg5 Rf6 29. Rag1 Qd6 30. Qg2 g6 31. fxg6 Rxg6 32. Bh5 Rag7 33. Bxg6 Nxg6 34. Qg3 Qf6 35. Kg2 Bd7 36. Kh2 Bxh3 37. Qxh3 Kf7 38.
Qd7+ Qe7 39. Qxe7+ Kxe7 40. Rxg6 Rh7+ 41. Kg3 Kf7 42.
Kf3 Rh3+ 43. R6g3 Rh4 44. Rg7+ Kf8 45. Rb7 Rf4+ 46. Ke2 b5 47. cxb5 axb5 48. Rf1 1-0

[Event "Rapid della Domenica"]
[Site "Chess.com"]
[Date "2020.04.26"]
[Round "5"]
[White "bellapero"]
[Black "fausto2p"]
[Result "1-0"]
[WhiteElo "1370"]
[BlackElo "1004"]
[TimeControl "720+3"]
[EndTime "8:02:47 PDT"]
[Termination "bellapero ha vinto per tempo"]

1. e4 e6 2. d4 d5 3. exd5 exd5 4. Nf3 Nf6 5. Nc3 c6 6. Be2 Bd6 7. O-O O-O 8. Be3 Bf5 9. Bd3 Bxd3 10. Qxd3 Nbd7 11. Rfe1 Re8 12. Qf5 Nf8 13. Bg5 Be7 14. Ne5 g6 15. Qh3 Nh5 16. Bxe7 Rxe7 17. Qh4 Ne6 18.
Na4 Qd6 19. Nc5 Rae8 20. c3 Nxc5 21. dxc5 Qxc5 22. Nd3 Rxe1+ 23. Rxe1 Rxe1+ 24. Nxe1 Qd6 25. g4 Nf6 26. g5 Ne4 27. f3 Nd2 28. Qf2 1-0

[Event "Rapid della Domenica"]
[Site "Chess.com"]
[Date "2020.04.26"]
[Round "6"]
[White "markk000"]
[Black "toninoiuorio"]
[Result "1-0"]
[WhiteElo "1545"]
[BlackElo "1515"]
[TimeControl "720+3"]
[EndTime "8:16:55 PDT"]
[Termination "markk000 ha vinto per scaccomatto"]

1. d4 d5 2. c4 e6 3. Nc3 Nf6 4. Bg5 Be7 5. Nf3 O-O 6. e3 c6 7. cxd5 exd5 8. Bd3 Bg4 9. h3 Bh5 10. O-O Nbd7 11. Be2 Re8 12. Bxf6 Nxf6 13. Ne5 Bxe2 14. Qxe2 Bd6 15. Ng4 Ne4 16. Nxe4 Rxe4 17. Qf3 Qg5 18. a3 f5 19. Nh2 Rf8 20. Rae1 Qh4 21. Qe2 g5 22.
Nf3 Qh6 23. Nd2 Re7 24. Nf3 g4 25. Ne5 gxh3 26. g3 Rg7 27. Qf3 f4 28. exf4 Rxf4 29.
Qe2 Rxd4 30. Kh2 Re4 31. Qf3 Bxe5 32. Rxe4 dxe4 33. Qxe4 Qe6 34. f4 Re7 35. fxe5 Qxe5 36. Qg4+ Kh8 37. Rf8# 1-0

[Event "Rapid della Domenica"]
[Site "Chess.com"]
[Date "2020.04.26"]
[Round "6"]
[White "pedrak"]
[Black "GB86_CHESS"]
[Result "0-1"]
[WhiteElo "1642"]
[BlackElo "1790"]
[TimeControl "720+3"]
[EndTime "8:22:13 PDT"]
[Termination "GB86_CHESS ha vinto per scaccomatto"]

1. d4 e6 2. Nf3 Nf6 3. Bf4 b6 4. e3 Bb7 5. Nbd2 d6 6. Be2 Be7 7. O-O O-O 8. c3 Ne4 9. Qc2 f5 10. h3 Nxd2 11. Qxd2 g5 12. Bh2 Nd7 13. Bd3 g4 14.
hxg4 fxg4 15. Ne1 Bg5 16. Qe2 h5 17. f4 Bh6 18. Bg3 Qf6 19. e4 Qg7 20. e5 dxe5 21.
dxe5 Nc5 22. Bc4 Qe7 23. Nd3 Ne4 24. Be1 Rf5 25. Rd1 Raf8 26. Bd2 Kh8 27. Bb3 Ng3 28. Qe3 Qh4 29. Nf2 Bxf4 30. Qd3 Bxd2 31. Qxd2 Kg7 32.
Qd7+ R8f7 33. Qxe6 Rxf2 34. Qxf7+ Rxf7 35. Rxf7+ Kg6 36. Rf6+ Kg5 37. Rd7 Qh1+ 38. Kf2 Qxg2+ 39. Ke3 Qe4+ 40. Kd2 Qe2+ 41. Kc1 Qe3+ 42. Kd1 Bf3+ 43. Kc2 Be4+ 44. Kd1 Bf3+ 45. Kc2 Qxe5 46. Rdf7 Qxf6 47. Rxf6 Kxf6 48. Kd3 Ke5 49. Ke3 Nf5+ 50. Kf2 Kf4 51. Be6 g3+ 52. Kg1 h4 53. Bxf5 Kxf5 54. c4 h3 55. c5 h2+ 56.
Kf1 h1=R# 0-1

[Event "Rapid della Domenica"]
[Site "Chess.com"]
[Date "2020.04.26"]
[Round "6"]
[White "crippo"]
[Black "giulioscaglione"]
[Result "0-1"]
[WhiteElo "1450"]
[BlackElo "1341"]
[TimeControl "720+3"]
[EndTime "8:23:27 PDT"]
[Termination "giulioscaglione ha vinto per abbandono"]

1. e4 e6 2. d4 b6 3. Nc3 Bb4 4. Bf4 Bb7 5. Bd3 d6 6. Ne2 Nd7 7. O-O Ne7 8. e5 Bxc3 9. bxc3 d5 10. Bg5 O-O 11. Nf4 Qe8 12. Qh5 Ng6 13. Qh3 a5 14.
Nh5 Ba6 15. Nxg7 Kxg7 16. Qh6+ Kg8 17. h4 Bxd3 18. cxd3 f5 19. exf6 Nxf6 20. h5 Ng4 21. hxg6 Nxh6 22. Bxh6 Rf6 23. gxh7+ Kxh7 24. Bg5 Rg6 25.
f4 Qc6 26. Rac1 b5 27. Rf3 Kg7 28. Re3 Re8 29. Rc2 Qb6 30. Kf1 c5 31. dxc5 Qxc5 32. d4 Qc4+ 33. Kf2 b4 34. Rce2 Qc6 35. cxb4 axb4 36. Bh4 Rf8 37. g3 Rh8 38. a3 bxa3 39. Rxa3 Ra8 40. Rd3 Ra4 41. Red2 Ra1 42. Be7 Kf7 43.
Bc5 Rh6 44. Kf3 Rhh1 45. Rb2 Raf1+ 46. Kg4 Qe8 47. Rb7+ Kf6 48. Be7+ Qxe7 49. Rxe7 Kxe7 50. Kg5 Rd1 51. Ra3 Rxd4 52. Ra7+ Kd6 53. g4 Rf1 54. f5 exf5 55. gxf5 Rdf4 56. Ra6+ Kc5 57. f6 Rxf6 58.
Rxf6 Rxf6 59. Kxf6 d4 60. Ke5 d3 61. Ke4 d2 62. Ke3 d1=Q 63. Ke4 Qd4+ 64. Kf3 Kd5 65. Ke2 Ke4 66. Ke1 Qb2 67. Kd1 Ke3 0-1

[Event "Rapid della Domenica"]
[Site "Chess.com"]
[Date "2020.04.26"]
[Round "6"]
[White "donaldnecesito"]
[Black "bellapero"]
[Result "1-0"]
[WhiteElo "1649"]
[BlackElo "1353"]
[TimeControl "720+3"]
[EndTime "8:23:32 PDT"]
[Termination "donaldnecesito ha vinto per abbandono"]

1. e4 c5 2. Nf3 Nc6 3. d4 cxd4 4. Nxd4 Nf6 5. Nc3 g6 6. Be3 Bg7 7. Bc4 e6 8. f3 O-O 9. Qd2 d5 10. exd5 exd5 11. Bb3 Re8 12. O-O-O Bf5 13. Nxf5 gxf5 14. Kb1 d4 15. Bxd4 Nxd4 16. Qxd4 Nd7 17. Qxd7 Qf6 18.
Rd6 Rad8 19. Rxf6 Rxd7 20. Rxf5 Re5 21. Rxe5 Bxe5 22. Ne4 Kg7 23. c3 Rd3 24. Nc5 Rd2 25. g4 Bxh2 26. Nxb7 Rf2 27. Bd5 Bc7 28. Be4 h6 29.
Nc5 Rd2 30. Nd3 Rh2 31. Rxh2 Bxh2 32. Kc2 Kf6 33. c4 Kg5 34. b4 h5 35. gxh5 Kxh5 36. a4 Kg5 37. a5 f5 38. Bd5 Bc7 39. Kb3 f4 40. Ka4 a6 41. Bb7 1-0

[Event "Rapid della Domenica"]
[Site "Chess.com"]
[Date "2020.04.26"]
[Round "6"]
[White "sergiodone"]
[Black "Carbon"]
[Result "1/2-1/2"]
[WhiteElo "1550"]
[BlackElo "1820"]
[TimeControl "720+3"]
[EndTime "8:23:58 PDT"]
[Termination "Partita patta per ripetizione di mosse"]

1. e4 c5 2. Nf3 Nc6 3. c3 Nf6 4. Qc2 d6 5. d4 cxd4 6. cxd4 g6 7. a3 Bg7 8. Nc3 O-O 9. h3 Bd7 10. Bd3 Rc8 11. Qe2 Na5 12. O-O Nb3 13. Rb1 Nxc1 14. Rbxc1 a6 15. Rfe1 Qa5 16. Qe3 e5 17. dxe5 dxe5 18.
Nd5 Nxd5 19. exd5 Qxd5 20. Be4 Qb5 21. b4 f5 22. Rxc8 Rxc8 23. Qb3+ Kh8 24. Bd5 Bc6 25. Be6 Rf8 26. Ng5 h6 27. Nf7+ Kh7 28. h4 h5 29.
Ng5+ Kh8 30. Nf7+ Kh7 31. Ng5+ Kh8 32. Nf7+ Kh7 1/2-1/2

[Event "Rapid della Domenica"]
[Site "Chess.com"]
[Date "2020.04.26"]
[Round "6"]
[White "caramante"]
[Black "Luca090267"]
[Result "0-1"]
[WhiteElo "1522"]
[BlackElo "1435"]
[TimeControl "720+3"]
[EndTime "8:27:57 PDT"]
[Termination "Luca090267 ha vinto per abbandono"]

1. Nf3 Nf6 2. d4 g6 3. g3 Bg7 4. Bg2 O-O 5. c3 d6 6. O-O Nc6 7. Re1 Rb8 8. e4 e6 9. Qc2 h6 10. h3 Re8 11. Be3 e5 12. d5 Ne7 13. Bxa7 Ra8 14.
Be3 b6 15. c4 Ba6 16. b3 Qc8 17. Nc3 c6 18. Rac1 Qb7 19. Na4 b5 20. cxb5 Bxb5 21.
Nc3 cxd5 22. Nxb5 Qxb5 23. Bf1 Qa5 24. exd5 Nfxd5 25. Bc4 Nxe3 26. Rxe3 Rac8 27. Qd3 d5 28. Nxe5 dxc4 29. Rxc4 Rxc4 30. Nxc4 Qd8 31. Nd6 Rf8 32. Qe2 Nd5 33. Nxf7 Kxf7 34. Rf3+ Kg8 35. Qe6+ Kh7 36. Rd3 Nc7 37. Qc4 Qf6 38. f4 Ne6 39. Kg2 Nxf4+ 40. gxf4 Qxf4 41. Qxf4 Rxf4 42. Kg3 Re4 43. Kf3 Rb4 44.
a4 g5 45. Ke2 Kg6 46. Kd2 h5 47. Kc2 g4 48. hxg4 hxg4 49. Rd7 Bf6 50. Rd6 Kg5 51.
Rd5+ Kh4 52. a5 g3 53. a6 g2 54. Rd1 Bd4 55. Re1 g1=Q 56. Rxg1 Bxg1 57. Kc3 Rb8 58. b4 Ba7 59. Kc4 Kg5 60. b5 Kf6 61. Kd5 Ke7 62.
Kc6 Kd8 63. b6 Bxb6 64. Kd6 Ba7 65. Kc6 Kc8 66. Kd6 Rb6+ 0-1

[Event "Rapid della Domenica"]
[Site "Chess.com"]
[Date "2020.04.26"]
[Round "6"]
[White "sirmale49"]
[Black "MarcoCiva"]
[Result "1-0"]
[WhiteElo "1419"]
[BlackElo "1404"]
[TimeControl "720+3"]
[EndTime "8:29:37 PDT"]
[Termination "sirmale49 ha vinto per abbandono"]

1. e4 f6 2. f4 c6 3. Nf3 Kf7 4. Nc3 Ke6 5. d4 Kd6 6. f5 Kc7 7. Bf4+ d6 8. d5 Bd7 9. Nd4 c5 10. Ne6+ Bxe6 11. fxe6 g5 12. Bg3 Kc8 13. Bc4 a6 14. O-O b5 15. Be2 Qb6 16. Bf2 h5 17. b4 g4 18. g3 Bh6 19. a4 Qb7 20.
axb5 a5 21. bxa5 Bg7 22. b6 f5 23. Be1 Na6 24. Rb1 Nb4 25. Nb5 Rxa5 26. Bxb4 cxb4 27. Rxb4 Qxb6+ 28. Kh1 Bc3 29. Rb3 Be5 30. Qd3 Nf6 31. Qc4+ Qc5 32. Qxc5+ dxc5 33. Bd3 fxe4 34. Bc4 h4 35. Rf5 Ra1+ 36. Kg2 h3+ 37. Kf2 Bd4+ 38. Nxd4 cxd4 39. d6 e3+ 40. Ke2 Ne4 41. d7+ Kc7 42. Bd3 Nc3+ 43. Rxc3+ dxc3 44. Rc5+ Kb7 45. Be4+ Kb6 46.
Rc8 Rxc8 47. dxc8=Q Rc1 48. Qc6+ Ka5 49. Qxc3+ Kb6 50.
Qb2+ Kc5 51. Qxc1 Kd6 52. Kxe3 Kxe6 53. c4 Kd6 54. c5+ Kc7 55. c6 e5 56. Qc3 1-0

[Event "Rapid della Domenica"]
[Site "Chess.com"]
[Date "2020.04.26"]
[Round "6"]
[White "fausto2p"]
[Black "Lavolpeneldeserto"]
[Result "1-0"]
[WhiteElo "1017"]
[BlackElo "643"]
[TimeControl "720+3"]
[EndTime "8:30:29 PDT"]
[Termination "fausto2p ha vinto per abbandono"]

1. d4 d5 2. c4 Nf6 3. Nc3 c6 4. Nf3 Bf5 5. Qb3 b6 6. e3 Nbd7 7. cxd5 cxd5 8. Nxd5 Nxd5 9. Qxd5 e6 10. Qb3 Rc8 11. Bb5 Bd6 12. O-O O-O 13. Bxd7 Qxd7 14. Ne5 Qe8 15. Bd2 Qe7 16. Rfc1 Rxc1+ 17. Rxc1 Qg5 18. Nf3 Qh5 19. d5 Be4 20. Qd1 Qg4 21.
h3 Qf5 22. a3 Bxf3 23. Qxf3 Qxf3 24. gxf3 f5 25. dxe6 Re8 26. Rc6 Rxe6 27. Kg2 Kf7 28.
Bc3 Be5 29. Rxe6 Kxe6 30. Bxe5 Kxe5 31. Kf1 g5 32. Ke2 f4 33. exf4+ gxf4 34. Kd3 Kd5 35. b3 a5 36. h4 b5 37. h5 h6 38. Kc3 Kc5 39. Kd3 a4 40. bxa4 bxa4 41. Kc3 Kb5 42. Kd4 Ka5 43. Ke4 Kb5 44. Kxf4 Kc4 45. Ke4 Kb3 46.
f4 Kxa3 47. f5 Kb3 48. f6 a3 49. f7 a2 50. f8=Q a1=Q 51. Qf7+ Kb2 52. Qf6+ Kb1 53. Qxa1+ Kxa1 54. f4 Kb2 55. f5 Kc3 56. f6 Kc4 57. f7 1-0